 Dungeon Crawl Stone Soup version 0.29.1-2-gbd0b4ee654 (webtiles) character file.

Game seed: 2224260453105154899

2173 BlackCrag the Thaumaturge (level 9, -2/36 (39) HPs)
             Began as a Spriggan Venom Mage on Oct 27, 2022.
             Slain by a wight
             ... wielding a +0 mace
              (5 damage)
             ... on level 6 of the Dungeon.
             The game lasted 01:03:06 (8220 turns).

BlackCrag the Thaumaturge (Spriggan Venom Mage)     Turns: 8220, Time: 01:03:06

HP:   -2/36 (39)    AC:  2    Str:  4    XL:     9   Next: 11%
MP:   8/22          EV: 18    Int: 27    God:
Gold: 206           SH:  0    Dex: 15    Spells: 12/25 levels left

rFire   . . .      SeeInvis +   y - +2 flail (holy)
rCold   . . .      Faith    .   (no shield)
rNeg    . . .      Spirit   .   a - +0 robe
rPois   .          Reflect  .   (helmet restricted)
rElec   .          Harm     .   (no cloak)
rCorr   .          Rampage  .   (gloves unavailable)
Will    +....                   (boots unavailable)
Stlth   +++.......              (no amulet)
HPRegen 0.12/turn               l - ring of wizardry
MPRegen 0.18/turn               u - +6 ring of intelligence

@: drained, very quick
A: very small, no large weapons, unfitting armour, see invisible, speed 3
a: no special abilities


You were on level 6 of the Dungeon.
You visited 1 branch of the dungeon, and saw 6 of its levels.
You also visited: Sewer.

You collected 296 gold pieces.
You spent 90 gold pieces at shops.

Inventory:

Hand Weapons
 t - a +1 dagger of protection
 y - a +2 flail of holy wrath (weapon)
Armour
 a - a +0 robe (worn)
Jewellery
 l - a ring of wizardry (left hand)
 q - a ring of protection from fire
 u - a +6 ring of intelligence (right hand)
Scrolls
 d - a scroll of vulnerability {unknown}
 h - a scroll of enchant armour {unknown}
 j - a scroll of fear {unknown}
 k - 2 scrolls of magic mapping
 m - a scroll of silence {unknown}
 p - 2 scrolls of poison
 r - 2 scrolls of fog
 z - 2 scrolls of acquirement {unknown}
 A - a scroll of teleportation {unknown}
Potions
 b - 3 potions of magic
 c - 4 potions of ambrosia
 e - a potion of might
 f - 4 potions of invisibility
 g - 2 potions of heal wounds
 i - 3 potions of haste
 n - 2 potions of flight
 s - a potion of mutation {unknown}
 v - a potion of curing
 w - a potion of attraction {unknown}
 x - a potion of cancellation {unknown}


   Skills:
 + Level 0.2 Fighting
 + Level 0.5 Short Blades
 + Level 4.1 Dodging
 + Level 5.4 Stealth
 + Level 8.9 Spellcasting
 + Level 1.6 Hexes
 + Level 6.2 Transmutations
 + Level 2.0 Air Magic
 + Level 7.5 Poison Magic


You had 12 spell levels left.
You knew the following spells:

 Your Spells              Type           Power      Damage    Failure   Level
a - Sting                 Tmut/Pois      100%       1d8       1%          1
b - Poisonous Vapours     Pois/Air       74%        N/A       1%          2
c - Mephitic Cloud        Conj/Pois/Air  29%        N/A       1%          3
d - Olgreb's Toxic Radia  Pois           52%        N/A       1%          4
e - Tukima's Dance        Hex            21%        N/A       2%          3

Your spell library contained the following spells:

 Spells                   Type           Power      Damage    Failure   Level
 Blink                    Tloc           24%        N/A       3%          2
 Portal Projectile        Hex/Tloc       32%        N/A       4%          3
 Blade Hands              Tmut           22%        N/A       4%          5
 Manifold Assault         Tloc           12%        N/A       45%         5
 Storm Form               Tmut/Air       17%        N/A       95%         7


Dungeon Overview and Level Annotations

Branches:
Dungeon (6/15)              Sewer (visited)
 Temple: D:4-7

Altars:
Ashenzari
Cheibriados
Elyvilon
Hepliaklqana
Makhleb
Nemelex Xobeh
Uskayaw
Zin

Shops:
D:6 =

Annotations:
D:3 UrbanGarlic's ghost, amateur FoFi
D:6 Shop of rings+++


Innate Abilities, Weirdness & Mutations

You are very small and have problems with some larger weapons.
You are too small for most types of armour.
You have supernaturally acute eyesight. (SInv)
You cover ground extremely quickly. (Speed+++)


Message History

You sock the wight!
You destroy the wight!
The wight closely misses you.
Your life force feels restored.
Your Air Magic skill increases to level 2!
You barely miss the wight.
The wight is lightly damaged.
The wight barely misses you.
You closely miss the wight. The wight misses you. The wight closely misses you.
You hit the wight.
The wight convulses.
The wight is moderately damaged.
The wight misses you. The wight closely misses you.
The wight hits you with a +0 mace.
You feel drained. The wight closely misses you.
The wight hits you but does no damage. The wight completely misses you.
Casting: Sting (safe; 1% risk of failure)
Confirm with . or Enter, or press ? or * to list all spells.
Aiming: Tukima's Dance (dangerous; 2% risk of failure)
Press: ? - help, Shift-Dir - straight line, f - wight
Aim: a wight, wielding a +0 halberd and wearing a +0 robe (chance to affect: 53%)
The wight's hands twitch.
The wight closely misses you. The wight misses you. x2
Unknown command.
You closely miss the wight.
The wight is moderately damaged.
The wight completely misses you. The wight hits you.
* * * LOW HITPOINT WARNING * * *
You feel drained.
* * * LOW HITPOINT WARNING * * *
The wight hits you with a +0 mace.
* * * LOW HITPOINT WARNING * * *
You hit the wight but do no damage.
The wight is moderately damaged.
The wight closely misses you. The wight barely misses you.
The wight closely misses you.
You hit the wight.
The wight convulses.
The wight is heavily damaged.
The wight hits you from afar with a +0 halberd.
* * * LOW HITPOINT WARNING * * *
The wight closely misses you. The wight hits you with a +0 mace.
You die...

#####.##.............
########
##....#######...#####
#....... ##.##.# #...#
#.###### ##.##.# #...# #.#
......# #...# #.# ##.####
####...# #.# #.# #....(.#
#.###### ##.# #.###..###
#.#..... ...#
#....<.@z########.#.[...
####
.....#####zz......#.)[z...
###. #.###)....)#..... #
#.# #.##.#.#..... #.#
#.##...###### #.# #.###..#
..# #.###..# ### #......#
#####.##


You could see 3 wights.

Vanquished Creatures
  Grinder (D:3)
  A water moccasin (D:5)
  2 ice beasts
  A centaur (D:5)
  5 ogres
  4 kobold brigands (Sewer)
  4 scorpions
  A wight (D:6)
  3 orc priests
  2 gnoll boudas
  2 hounds (D:6)
  4 orc wizards
  Terence (D:2)
  Robin (D:2)
  7 gnolls (D:4)
  7 adders
  A river rat (Sewer)
  12 worms
  A dart slug (D:3)
  14 orcs
  11 endoplasms
  4 giant cockroaches
  9 goblins
  9 hobgoblins
  11 kobolds
  A quokka (D:3)
  3 ball pythons
  3 bats
  2 frilled lizards
  14 rats
141 creatures vanquished.

Vanquished Creatures (collateral kills)
  A gnoll (D:4)
1 creature vanquished.

Vanquished Creatures (others)
  2 dancing weapons (D:6)
  5 plants (D:2)
7 creatures vanquished.

Grand Total: 149 creatures vanquished

Notes
Turn   | Place    | Note
-------+----------+-------------------------------------------
     0 | D:1      | BlackCrag the Spriggan Venom Mage began the quest for the
                  | Orb.
     0 | D:1      | Reached XP level 1. HP: 9/9 MP: 5/5
   379 | D:1      | Found a faded altar of an unknown god.
   540 | D:1      | Reached XP level 2. HP: 13/13 MP: 3/6
   541 | D:1      | Reached skill level 3 in Spellcasting
   544 | D:1      | Learned a level 2 spell: Poisonous Vapours
  1027 | D:2      | Noticed Terence
  1044 | D:2      | Killed Terence
  1045 | D:2      | Reached XP level 3. HP: 11/16 MP: 2/8
  1269 | D:2      | Noticed Robin
  1497 | D:2      | Killed Robin
  1719 | D:2      | Learned a level 3 spell: Mephitic Cloud
  1923 | D:2      | Reached XP level 4. HP: 21/21 MP: 7/10
  2575 | D:3      | Found a glowing drain.
  2619 | Sewer    | Entered a sewer
  2725 | Sewer    | Noticed a kobold brigand
  2741 | Sewer    | Killed a kobold brigand
  2742 | Sewer    | Reached skill level 4 in Spellcasting
  2742 | Sewer    | Reached XP level 5. HP: 24/24 MP: 10/13
  2911 | Sewer    | Learned a level 4 spell: Olgreb's Toxic Radiance
  2989 | Sewer    | Reached skill level 5 in Spellcasting
  2989 | Sewer    | Reached skill level 1 in Air Magic
  3424 | Sewer    | Reached XP level 6. HP: 28/28 MP: 2/15
  3977 | D:3      | Found a transporter.
  4065 | D:3      | Found a snail-covered altar of Cheibriados.
  4116 | D:3      | Noticed UrbanGarlic's ghost (amateur FoFi)
  4119 | D:3      | Found a transporter.
  4175 | D:3      | Noticed Grinder
  4195 | D:3      | Found a white marble altar of Elyvilon.
  4240 | D:3      | Paralysed by Grinder for 5 turns
  4269 | D:3      | Killed Grinder
  4270 | D:3      | Reached skill level 6 in Spellcasting
  4270 | D:3      | Reached skill level 5 in Poison Magic
  4270 | D:3      | Reached XP level 7. HP: 15/32 MP: 7/17
  4920 | D:3      | Learned a level 3 spell: Tukima's Dance
  5205 | D:4      | Found Zin's Purification Station.
  5207 | D:4      | Found a glowing silver altar of Zin.
  5213 | D:4      | Bought a potion of curing for 90 gold pieces
  5633 | D:4      | Reached skill level 5 in Transmutations
  5821 | D:4      | Found a burning altar of Makhleb.
  5934 | D:5      | Entered Level 5 of the Dungeon
  5953 | D:5      | Reached skill level 7 in Spellcasting
  6047 | D:5      | Reached XP level 8. HP: 10/36 MP: 16/19
  6282 | D:5      | Reached skill level 5 in Stealth
  6688 | D:5      | Found a hazy altar of Hepliaklqana.
  6733 | D:5      | Reached skill level 1 in Hexes
  7277 | D:6      | Found a sparkling altar of Nemelex Xobeh.
  7282 | D:6      | Reached skill level 8 in Spellcasting
  7591 | D:6      | Found Betsaun's Jewellery Emporium.
  7999 | D:6      | Reached XP level 9. HP: 39/39 MP: 17/22
  8055 | D:6      | Found a hide-covered altar of Uskayaw.
  8056 | D:6      | Found a broken altar of Ashenzari.
  8220 | D:6      | Slain by a wight

Illustrated notes

Levels and vault maps discovered:
D:1:      minmay_arrival_five_plusses, layout_loops_ring,
          ebering_ecumenical_altar_hall
D:2:      minmay_wonky_spiral, layout_loops_ring, serial_bayou_crossing,
          uniq_terence, uniq_robin
D:3:      layout_rooms, elyvilon_altar_3, mainiacjoe_overflow_six_doors_small,
          gammafunk_ghost_arena, portal_sewer_entry_d, uniq_grinder
D:4:      layout_layer_cave, zin_purify, general_overflow_altar
D:5:      layout_loops_ring, worldfamousw_hep_ancestral_shrine
D:6:      layout_loops_cross, mainiacjoe_overflow_concentric_impassable,
          mainiacjoe_overflow_divided_tiny, serial_shops, nicolae_shop_crystal

Skill      XL: |  1  2  3  4  5  6  7  8  9 |
---------------+----------------------------+-----
Spellcasting   | 3 4 5 6 7 8 |  8.9
Transmutations | 2 3 4 5 6 |  6.2
Dodging        | 3 4 |  4.1
Poison Magic   | 4 5 7 |  7.5
Air Magic      | 1 2 |  2.0
Stealth        | 4 5 |  5.4
Hexes          | 1 |  1.6
Fighting       | |  0.2
Short Blades   | |  0.5

Action                   |  1- 3 |  4- 6 |  7- 9 || total
-------------------------+-------+-------+-------++-------
Melee: Unarmed           |     7 |       |       ||     7
       Dagger            |       |     4 |     9 ||    13
       Flail             |       |       |    10 ||    10
 Cast: Sting             |    52 |   108 |   126 ||   286
       Poisonous Vapours |     3 |     7 |    22 ||    32
       Mephitic Cloud    |       |     1 |     1 ||     2
       Olgreb's Toxic Ra |       |    10 |    11 ||    21
       Tukima's Dance    |       |       |     8 ||     8
  Use: Scroll            |     4 |     3 |     7 ||    14
       Potion            |       |     1 |     1 ||     2
Armor: Robe              |     2 |     1 |     6 ||     9
Dodge: Dodged            |    10 |    14 |    62 ||    86
